[Event "November 21 Early 2023"]
[Site "https://www.chess.com"]
[Date "2023.11.21"]
[Round "8"]
[White "Bychkov, Vladimir"]
[Black "Andriasian, Zaven"]
[Result "0-1"]
[Board "100"]
[TimeControl "180+1"]
[WhiteFideId "24151513"]
[BlackFideId "13302000"]
[WhiteElo "2224"]
[BlackElo "2624"]
[WhiteTeam "RUS"]
[BlackTeam "ARM"]
[WhiteClock "0:02:04"]
[BlackClock "0:02:52"]

1. e4 c5 2. Nf3 d6 3. d4 cxd4 4. Qxd4 a6 5. c4 Nc6 6. Qe3 g6 7. h3 Bg7 8. Nc3 Nf6 9. Be2 O-O 10. O-O Be6 11. Rd1 Nd7 12. b3 Rc8 13. Bb2 Re8 14. Rac1 Qb6 15. Qxb6 Nxb6 16. Ba1 Nd7 17. Ne1 Nc5 18. f3 Nd4 19. Bf1 h5 20. Nd5 Bxd5 21. cxd5 e5 22. dxe6 Ncxe6 23. Bc4 b5 24. Bxe6 Rxc1 25. Rxc1 Ne2+ 26. Kf1 Nxc1 27. Bxg7 Kxg7 28. Bd5 Nxa2 29. Nd3 Nc3 30. Bb7 a5 31. Ke1 Rb8 32. Bc6 Rc8 33. Bb7 Rc7 34. Ba6 a4 35. bxa4 bxa4 36. Kd2 a3 37. Nb4 a2 0-1

[Event "November 21 Early 2023"]
[Site "https://www.chess.com"]
[Date "2023.11.21"]
[Round "8"]
[White "Jovic, Stanoje"]
[Black "Berezin, Viktor"]
[Result "0-1"]
[Board "101"]
[TimeControl "180+1"]
[WhiteFideId "905020"]
[BlackFideId "14107872"]
[WhiteElo "2249"]
[BlackElo "2310"]
[WhiteTeam "SRB"]
[BlackTeam "UKR"]
[WhiteClock "0:00:00"]
[BlackClock "0:00:22"]

1. c4 Nf6 2. g3 g6 3. Bg2 Bg7 4. Nc3 O-O 5. Nf3 d6 6. O-O Nc6 7. d3 e5 8. Rb1 d5 9. b4 dxc4 10. dxc4 Bf5 11. Rb2 Qe7 12. b5 Rad8 13. Qa4 Nd4 14. Nd5 Nxd5 15. cxd5 Nxf3+ 16. exf3 Rxd5 17. f4 Rd4 18. Qxa7 exf4 19. Qxb7 Bd3 20. b6 Bxf1 21. Bxf1 Qe1 22. Bd2 Rxd2 23. Rxd2 Qxd2 24. bxc7 fxg3 25. hxg3 Bd4 26. Qf3 Rc8 27. a4 Rxc7 28. Bd3 Bxf2+ 0-1

[Event "November 21 Early 2023"]
[Site "https://www.chess.com"]
[Date "2023.11.21"]
[Round "8"]
[White "Omariev, Maksim"]
[Black "Ljukin, Sergei"]
[Result "0-1"]
[Board "102"]
[TimeControl "180+1"]
[WhiteFideId "4193423"]
[BlackFideId "14102200"]
[WhiteElo "2543"]
[BlackElo "2312"]
[WhiteTeam "RUS"]
[BlackTeam "UKR"]
[WhiteClock "0:00:12"]
[BlackClock "0:00:50"]

1. g4 d5 2. Bg2 c6 3. h3 h5 4. g5 e5 5. d4 e4 6. c4 Be6 7. Nc3 f5 8. cxd5 cxd5 9. Bf4 Ne7 10. e3 Ng6 11. Nge2 Bf7 12. Qb3 Qb6 13. Qxb6 axb6 14. Bc7 Nd7 15. h4 Rc8 16. Nb5 Bb4+ 17. Nec3 O-O 18. Rc1 f4 19. Bh3 Be8 20. Be6+ Kh8 21. Bxd5 fxe3 22. fxe3 Nf6 23. gxf6 Bxb5 24. Bxb6 Rxf6 25. Bc5 Bxc5 26. dxc5 Rxc5 27. Bxe4 Ne5 28. Kd2 Rf2+ 29. Ke1 Rxb2 30. Rg1 Bd3 31. Rd1 Rxc3 32. Rg5 Re2+ 33. Kf1 Rd2+ 34. Bxd3 Rxd1+ 35. Ke2 Rcxd3 36. Rxh5+ Kg8 37. Rxe5 R3d2+ 38. Kf3 Rxa2 39. h5 Rf1+ 40. Ke4 Ra4+ 41. Kd3 Rd1+ 42. Kc2 Rd7 43. Kb3 Rh4 44. Rg5 Rd3+ 45. Kc2 Rxe3 46. Kd2 Ra3 47. Rb5 Rh2+ 48. Kc1 Ra1+ 49. Rb1 Rxb1+ 50. Kxb1 Rxh5 51. Kb2 Rf5 52. Kb3 g5 53. Kc3 g4 54. Kd3 Kg7 55. Ke4 Kg6 56. Ke3 g3 57. Ke4 g2 58. Ke3 g1=Q+ 59. Ke2 Qg4+ 0-1

[Event "November 21 Early 2023"]
[Site "https://www.chess.com"]
[Date "2023.11.21"]
[Round "8"]
[White "Burovic00"]
[Black "Alinasab, Mobina"]
[Result "1/2-1/2"]
[Board "103"]
[TimeControl "180+1"]
[BlackFideId "12528897"]
[WhiteElo "2407"]
[BlackElo "2052"]
[BlackTeam "IRI"]
[WhiteClock "0:00:05"]
[BlackClock "0:00:04"]

1. e4 c5 2. d3 d6 3. g3 b6 4. Bg2 Bb7 5. f4 Nd7 6. Nf3 e6 7. O-O g6 8. f5 Bg7 9. fxe6 fxe6 10. Ng5 Qe7 11. Rf7 Qxf7 12. Nxf7 Kxf7 13. c3 Ne7 14. Na3 Rae8 15. Nc4 Nc8 16. a4 Rhf8 17. Qe2 Kg8 18. Bf4 d5 19. Nd6 e5 20. Nxe8 Rxe8 21. exd5 Nd6 22. Bd2 Nf6 23. c4 e4 24. dxe4 Nfxe4 25. Bxe4 Rxe4 26. Qf3 Bc8 27. Bc3 Bg4 28. Qd3 Be2 29. Qc2 Bxc4 30. Bxg7 Kxg7 31. Qc3+ Kg8 32. Re1 Rd4 33. Qe3 Bxd5 34. Qe7 Nf5 35. Qf6 Bf7 36. a5 Rd6 37. Qe5 bxa5 38. Qxc5 Rd4 39. Qxa5 Kg7 40. Qxa7 Rd2 41. Qb6 Kh6 42. g4 Nh4 43. Qe3+ g5 44. Qb6+ Bg6 45. Re6 Nf3+ 46. Kf1 Nxh2+ 47. Ke1 Nf3+ 48. Kf1 Nh2+ 49. Kg1 Nf3+ 50. Kf1 Nh2+ 1/2-1/2

[Event "November 21 Early 2023"]
[Site "https://www.chess.com"]
[Date "2023.11.21"]
[Round "8"]
[White "NovoselovRoman"]
[Black "Zaksaite, Salomeja"]
[Result "1/2-1/2"]
[Board "104"]
[TimeControl "180+1"]
[BlackFideId "12801496"]
[WhiteElo "2530"]
[BlackElo "2065"]
[BlackTeam "LTU"]
[WhiteClock "0:01:52"]
[BlackClock "0:01:00"]

1. e4 c5 2. Nc3 e6 3. Nf3 Nc6 4. h3 d5 5. exd5 exd5 6. d4 Nf6 7. Bg5 Be7 8. Be2 cxd4 9. Nxd4 O-O 10. O-O Be6 11. Bf3 Qd7 12. Nce2 Ne5 13. Nf4 Nxf3+ 14. Qxf3 h6 15. Bh4 g5 16. Qg3 Ne4 17. Qe3 gxf4 18. Qxf4 Bxh4 19. Qxh4 Kh7 20. Rfe1 Rg8 1/2-1/2

[Event "November 21 Early 2023"]
[Site "https://www.chess.com"]
[Date "2023.11.21"]
[Round "8"]
[White "Pinheiro, Iung Alicio de O."]
[Black "Florianovitz, Derlei Alex"]
[Result "1-0"]
[Board "105"]
[TimeControl "180+1"]
[WhiteFideId "2104350"]
[BlackFideId "2114178"]
[WhiteElo "2283"]
[BlackElo "1953"]
[WhiteTeam "BRA"]
[BlackTeam "BRA"]
[WhiteClock "0:00:16"]
[BlackClock "0:00:02"]

1. e4 e6 2. d4 d5 3. Nd2 c5 4. Ngf3 cxd4 5. exd5 Qxd5 6. Bc4 Qd7 7. O-O Nc6 8. Nb3 a6 9. Nbxd4 Nxd4 10. Nxd4 Qc7 11. Bb3 Bd6 12. Re1 Bxh2+ 13. Kh1 Be5 14. c3 Bd7 15. Qh5 Bxd4 16. cxd4 Nf6 17. Qg5 O-O-O 18. Bf4 Qb6 19. Rac1+ Bc6 20. Qe5 Ng4 21. Qb8+ Kd7 22. Qd6+ Kc8 23. Bxe6+ fxe6 24. Qxe6+ Rd7 25. Qxg4 Qxb2 26. d5 h5 27. Qh3 Qxf2 28. dxc6 bxc6 29. Bg3 Qf6 30. Re6 Kb7 31. Rxf6 gxf6 32. Qxd7+ 1-0

[Event "November 21 Early 2023"]
[Site "https://www.chess.com"]
[Date "2023.11.21"]
[Round "8"]
[White "Baches Garcia, Guillermo"]
[Black "Semenova, Alina"]
[Result "1-0"]
[Board "106"]
[TimeControl "180+1"]
[WhiteFideId "2209764"]
[BlackFideId "24113875"]
[WhiteElo "2519"]
[BlackElo "1827"]
[WhiteTeam "ESP"]
[BlackTeam "RUS"]
[WhiteClock "0:00:44"]
[BlackClock "0:00:00"]

1. d4 Nf6 2. Nf3 e6 3. Bg5 d5 4. Nbd2 Be7 5. e3 O-O 6. Bd3 Nbd7 7. c3 c5 8. Ne5 h6 9. Bh4 Nxe5 10. dxe5 Nd7 11. Bxe7 Qxe7 12. f4 Rd8 13. O-O Nf8 14. Qh5 b6 15. Rf3 Bb7 16. Rg3 Kh8 17. Nf3 Bc6 18. Qg4 g6 19. Rf1 d4 20. exd4 Bxf3 21. Qxf3 cxd4 22. c4 Rac8 23. b3 a6 24. Rh3 Kg7 25. g4 b5 26. f5 exf5 27. gxf5 gxf5 28. Qh5 Ng6 29. Qxh6+ Kg8 30. Bxf5 Qxe5 31. Bxc8 Rxc8 32. Qh7+ 1-0

[Event "November 21 Early 2023"]
[Site "https://www.chess.com"]
[Date "2023.11.21"]
[Round "8"]
[White "Mejia, Cherry Ann"]
[Black "Skliarov, Viktor"]
[Result "0-1"]
[Board "107"]
[TimeControl "180+1"]
[WhiteFideId "5206880"]
[BlackFideId "14106736"]
[WhiteElo "2009"]
[BlackElo "2304"]
[WhiteTeam "PHI"]
[BlackTeam "UKR"]
[WhiteClock "0:00:01"]
[BlackClock "0:00:08"]

1. e4 c5 2. Nc3 Nc6 3. g3 g6 4. d3 Bg7 5. Be3 d6 6. Qd2 Rb8 7. Bg2 b5 8. Nge2 Nd4 9. h3 e6 10. O-O Ne7 11. f4 O-O 12. g4 f5 13. Ng3 b4 14. Nd1 Kh8 15. c3 bxc3 16. bxc3 Ndc6 17. Nb2 Ba6 18. Rf2 Qa5 19. Rc1 Qxa2 20. d4 c4 21. Rc2 Qb3 22. d5 exd5 23. exd5 Nb4 24. cxb4 c3 25. Rxc3 Qxc3 26. Bxa7 Qxd2 27. Rxd2 Rxb4 28. Nd3 Bd4+ 29. Kh2 Bxd3 30. Bxd4+ Rxd4 31. Ne2 Bxe2 32. Rxd4 Kg7 33. Rb4 Rc8 34. Rb7 Kf6 35. Rd7 fxg4 36. Rxd6+ Kf7 37. hxg4 Bxg4 38. Ra6 Rc2 39. d6 Nf5 40. Ra7+ Kf6 41. d7 Rd2 42. Kg1 Nh4 43. Bc6 Nf3+ 44. Bxf3 Bxf3 45. d8=Q+ Rxd8 46. Kf2 Be4 47. Rxh7 Bf5 48. Ra7 Rd2+ 49. Ke3 Rd3+ 50. Ke2 Rb3 51. Ra6+ Kg7 52. Kf2 Kh6 53. Ra1 Kh5 54. Rg1 Kh4 55. Ke2 Bg4+ 56. Kf2 Rf3+ 57. Kg2 Rg3+ 58. Kf2 Rxg1 59. Kxg1 Kg3 60. f5 Bxf5 61. Kh1 Kf2 62. Kh2 g5 63. Kh1 g4 0-1

[Event "November 21 Early 2023"]
[Site "https://www.chess.com"]
[Date "2023.11.21"]
[Round "8"]
[White "Narayanan, Srinath"]
[Black "HeroWilczek"]
[Result "1-0"]
[Board "108"]
[TimeControl "180+1"]
[WhiteFideId "5018420"]
[WhiteElo "2442"]
[BlackElo "2458"]
[WhiteTeam "IND"]
[WhiteClock "0:00:18"]
[BlackClock "0:00:07"]

1. Nf3 d5 2. e3 Nf6 3. c4 e6 4. Nc3 c5 5. cxd5 exd5 6. d4 Nc6 7. Bb5 Qb6 8. O-O Be6 9. b3 Be7 10. dxc5 Qxc5 11. Bb2 O-O 12. Rc1 Qd6 13. Ne2 Rac8 14. Nf4 Rfd8 15. Nxe6 fxe6 16. h3 Ne4 17. Qe2 Rf8 18. Rfd1 Bf6 19. Bd3 Qe7 20. Bxe4 dxe4 21. Nh2 Bxb2 22. Qxb2 Nb4 23. Rxc8 Rxc8 24. Qd4 Nd5 25. Ng4 h5 26. Ne5 Rf8 27. Ng6 Qg5 28. Nxf8 Kxf8 29. Qc5+ Kf7 30. Qb5 Qe7 31. Qc4 Nf6 32. Qc8 Kg6 33. Rc1 h4 34. Qb8 Qd7 35. Qf4 Qd2 36. Rf1 Qxa2 37. Qxh4 Qxb3 38. Rc1 a5 39. Qg3+ Kh7 40. Rc7 Ne8 41. Qh4+ Kg6 42. Qxe4+ Kf6 43. Qf4+ Kg6 44. Qf7+ Kh6 45. Rxb7 Qd1+ 46. Kh2 Qd6+ 47. Qf4+ Qxf4+ 48. exf4 Nf6 49. Ra7 Nd5 50. g3 1-0

[Event "November 21 Early 2023"]
[Site "https://www.chess.com"]
[Date "2023.11.21"]
[Round "8"]
[White "Kopczynski, Michal"]
[Black "Tasev, Dejan"]
[Result "0-1"]
[Board "109"]
[TimeControl "180+1"]
[WhiteFideId "1124200"]
[BlackFideId "936618"]
[WhiteElo "2174"]
[BlackElo "2248"]
[WhiteTeam "POL"]
[BlackTeam "SRB"]
[WhiteClock "0:00:02"]
[BlackClock "0:00:21"]

1. e4 e5 2. Nf3 Nc6 3. Bb5 a6 4. Ba4 Nf6 5. d3 b5 6. Bb3 Be7 7. a4 Bb7 8. axb5 axb5 9. Rxa8 Qxa8 10. O-O O-O 11. Bg5 h6 12. Bh4 d6 13. Nc3 b4 14. Ne2 Na5 15. Ba4 c5 16. Qd2 Nc4 17. dxc4 Qxa4 18. Ng3 Bc8 19. Bxf6 Bxf6 20. Qxd6 Qxc2 21. Qxc5 Qxb2 22. Nh5 Be6 23. h3 Rc8 24. Nxf6+ gxf6 25. Qe7 Kg7 26. c5 Qc3 27. Rb1 b3 28. Qb7 Rxc5 29. Ne1 Ra5 30. Kh2 Ra2 31. Qb6 Ra1 32. Rxa1 Qxa1 33. Nd3 Qc3 34. Qe3 b2 35. Nxb2 Qxb2 36. Qg3+ Kf8 37. Qh4 Ke7 38. f3 Qd2 39. Qh5 Qg5 40. g4 Qxh5 41. gxh5 f5 42. exf5 Bxf5 43. Kg3 Kf6 44. f4 e4 45. h4 Bd7 46. Kf2 Kf5 47. Ke3 Bb5 0-1

[Event "November 21 Early 2023"]
[Site "https://www.chess.com"]
[Date "2023.11.21"]
[Round "8"]
[White "Streltsov, Alexey"]
[Black "Begunov, Konstantin"]
[Result "1-0"]
[Board "110"]
[TimeControl "180+1"]
[WhiteFideId "24104434"]
[BlackFideId "4118510"]
[WhiteElo "2311"]
[BlackElo "1989"]
[WhiteTeam "ISR"]
[BlackTeam "RUS"]
[WhiteClock "0:00:18"]
[BlackClock "0:00:16"]

1. e4 c5 2. Nf3 d6 3. d4 cxd4 4. Nxd4 Nf6 5. Bd3 e6 6. c4 Be7 7. Nc3 O-O 8. Be3 a6 9. O-O Nc6 10. f4 Bd7 11. Qf3 Rb8 12. g4 Nxd4 13. Bxd4 Bc6 14. g5 Nd7 15. Qh3 b5 16. Nd5 bxc4 17. Nxe7+ Qxe7 18. Bc2 e5 19. Bc3 exf4 20. Bxg7 Kxg7 21. Qh6+ Kh8 22. e5 f5 23. exf6 Qe3+ 24. Rf2 Be4 25. Qg7# 1-0

[Event "November 21 Early 2023"]
[Site "https://www.chess.com"]
[Date "2023.11.21"]
[Round "8"]
[White "Gutkin, Ilya"]
[Black "Rosner, Jonas"]
[Result "1-0"]
[Board "111"]
[TimeControl "180+1"]
[WhiteFideId "16203470"]
[BlackFideId "24608513"]
[WhiteElo "2248"]
[BlackElo "2394"]
[WhiteTeam "GER"]
[BlackTeam "GER"]
[WhiteClock "0:00:07"]
[BlackClock "0:00:00"]

1. e4 e5 2. Nf3 Nc6 3. Bb5 Nf6 4. O-O Nxe4 5. d4 Nd6 6. Bxc6 dxc6 7. dxe5 Nf5 8. Qxd8+ Kxd8 9. Nc3 h6 10. h3 Be7 11. Bf4 Be6 12. g4 Nh4 13. Nxh4 Bxh4 14. Kg2 Ke7 15. Bg3 Bxg3 16. Kxg3 g5 17. Rad1 Rad8 18. f4 Rxd1 19. Rxd1 gxf4+ 20. Kxf4 h5 21. Kg3 hxg4 22. hxg4 c5 23. Ne4 b6 24. a3 a5 25. c3 Rh7 26. Ng5 Rh8 27. Rf1 Bd5 28. Rd1 Bb3 29. Rf1 Rd8 30. Rf2 Rd3+ 31. Kf4 Bd5 32. Nh7 Rd1 33. Nf6 Be6 34. Ne4 a4 35. Rd2 Rf1+ 36. Rf2 Rg1 37. Ng3 Kd7 38. Rd2+ Kc6 39. Nf5 Kb5 40. Ne3 Rb1 41. Re2 Kc6 42. Kg5 Rg1 43. Kf6 Kb5 44. g5 Bb3 45. Rf2 Kc6 46. Nf5 Kd5 47. Nh6 Ke4 48. Nxf7 Bxf7 49. Kxf7 Rxg5 50. e6 Ke3 51. Rf6 Rg2 52. e7 1-0

[Event "November 21 Early 2023"]
[Site "https://www.chess.com"]
[Date "2023.11.21"]
[Round "8"]
[White "Kim, Sergey"]
[Black "Osinovsky, Stepan"]
[Result "1-0"]
[Board "112"]
[TimeControl "180+1"]
[WhiteFideId "13700570"]
[BlackFideId "4157354"]
[WhiteElo "2566"]
[BlackElo "2222"]
[WhiteTeam "KAZ"]
[BlackTeam "RUS"]
[WhiteClock "0:01:16"]
[BlackClock "0:00:00"]

1. d4 Nf6 2. c4 g6 3. Nc3 Bg7 4. e4 O-O 5. Nge2 d6 6. Ng3 e5 7. d5 h5 8. Be2 h4 9. Nf1 Nfd7 10. g4 c6 11. Ne3 cxd5 12. cxd5 a5 13. O-O Na6 14. Kh1 Bh6 15. Rg1 Bg5 16. Nc4 Ndc5 17. f3 Bf4 18. Bxf4 exf4 19. Nb5 Bd7 20. Ncxd6 Nc7 21. Qd4 Bxb5 22. Nxb5 N7e6 23. dxe6 Nxe6 24. Qxd8 Rfxd8 25. Rgd1 Rxd1+ 26. Rxd1 Rc8 27. Nc3 a4 28. a3 Kg7 29. Kg1 Ng5 30. Kf2 Rc5 31. Rd5 1-0

[Event "November 21 Early 2023"]
[Site "https://www.chess.com"]
[Date "2023.11.21"]
[Round "8"]
[White "Iskusnyh, Sergei"]
[Black "ATM622"]
[Result "1-0"]
[Board "113"]
[TimeControl "180+1"]
[WhiteFideId "4120027"]
[WhiteElo "2455"]
[BlackElo "2437"]
[WhiteTeam "RUS"]
[WhiteClock "0:00:15"]
[BlackClock "0:00:00"]

1. d4 Nf6 2. c4 e6 3. g3 d5 4. Bg2 dxc4 5. Nf3 Bd7 6. O-O Bc6 7. Nbd2 b5 8. a4 a6 9. Qc2 Be7 10. b3 cxb3 11. Nxb3 Be4 12. Qb2 O-O 13. Bd2 Qd5 14. Rfc1 Bd6 15. Nc5 Nbd7 16. Nxe4 Nxe4 17. Ng5 f5 18. Nxe4 fxe4 19. e3 e5 20. Qc2 Nf6 21. Bc3 Rfd8 22. Rd1 Qc4 23. Bf1 Qc6 24. Qb3+ Qd5 25. Qb1 exd4 26. Bxd4 Qf5 27. axb5 Ng4 28. Qa2+ Kh8 29. bxa6 Be5 30. Bxe5 Nxe5 31. Bg2 Nf3+ 32. Bxf3 exf3 33. Rxd8+ Rxd8 34. Qc4 h6 35. Qc6 Qd3 36. h4 Rd6 37. a7 Kh7 38. a8=Q 1-0

[Event "November 21 Early 2023"]
[Site "https://www.chess.com"]
[Date "2023.11.21"]
[Round "8"]
[White "Derjabin, Ilja"]
[Black "Bashirli, Saadat"]
[Result "0-1"]
[Board "114"]
[TimeControl "180+1"]
[WhiteFideId "14104768"]
[BlackFideId "13429990"]
[WhiteElo "2309"]
[BlackElo "1537"]
[WhiteTeam "UKR"]
[BlackTeam "AZE"]
[WhiteClock "0:02:07"]
[BlackClock "0:01:46"]

1. d4 d5 2. c4 c6 3. Nc3 Nf6 4. Nf3 Bf5 5. g3 e6 6. Bg2 Bd6 7. Bf4 O-O 8. O-O Nh5 9. Bxd6 Qxd6 10. Ne5 f6 11. g4 Nf4 12. gxf5 fxe5 13. dxe5 Qxe5 14. e3 Nxg2 15. Kxg2 Qxf5 16. f4 Nd7 17. Qf3 Rf6 18. Rad1 Rg6+ 19. Kh1 Nf6 20. cxd5 exd5 21. Ne2 Ng4 22. Ng3 Qc2 0-1

[Event "November 21 Early 2023"]
[Site "https://www.chess.com"]
[Date "2023.11.21"]
[Round "8"]
[White "Khater, Sherif"]
[Black "Minko, Dmitry"]
[Result "1-0"]
[Board "115"]
[TimeControl "180+1"]
[WhiteFideId "2034280"]
[BlackFideId "24188468"]
[WhiteElo "2534"]
[BlackElo "1992"]
[WhiteTeam "USA"]
[BlackTeam "FID"]
[WhiteClock "0:00:12"]
[BlackClock "0:00:02"]

1. d4 d5 2. e4 dxe4 3. f3 Nf6 4. Nc3 Bf5 5. g4 Bg6 6. fxe4 Nxe4 7. Bg2 Nxc3 8. bxc3 c6 9. Rb1 b6 10. Nf3 e6 11. O-O Bd6 12. Qe2 O-O 13. Ne5 Qc7 14. Bf4 Nd7 15. Nxg6 hxg6 16. Qe3 Nf6 17. Bxd6 Qxd6 18. h3 Nd5 19. Qd2 Rad8 20. h4 c5 21. h5 gxh5 22. gxh5 cxd4 23. cxd4 Nf6 24. Rf4 e5 25. Rh4 exd4 26. h6 g6 27. Rf1 Nh7 28. Re4 d3 29. cxd3 Qxd3 30. Qf2 Ng5 31. Qf6 Ne6 32. Rxe6 Qd4+ 33. Qxd4 Rxd4 34. Re7 a5 35. Rb7 Rd2 36. Rf2 Rxf2 37. Kxf2 Rd8 38. Rxb6 Rd2+ 39. Kg3 Rxa2 40. Rb8+ Kh7 41. Rb7 Kxh6 42. Rxf7 Kg5 43. Bf3 Ra3 44. Ra7 Ra1 45. Ra6 Ra3 46. Kf2 Kf5 47. Be2 g5 48. Ra8 Ra2 49. Rf8+ Ke5 50. Ke3 a4 51. Bd3 g4 52. Rf5+ Ke6 53. Rg5 Ra1 54. Rxg4 a3 55. Ra4 a2 56. Bc4+ Ke5 57. Bxa2 Rh1 58. Kd3 Rh3+ 59. Kc2 Rh2+ 60. Kb1 Rh1+ 61. Kb2 Rh2+ 62. Ka1 Rh1+ 63. Bb1 Kd5 64. Ra3 Kc4 65. Ra2 Rg1 66. Rc2+ Kb3 67. Rb2+ Ka3 68. Rb8 Rh1 69. Ra8+ Kb3 70. Ra5 Rg1 71. Rb5+ Ka3 72. Rf5 Rh1 73. Rf3+ Kb4 74. Kb2 Rh2+ 75. Bc2 Rg2 76. Rf4+ Kc5 77. Kc3 Rg3+ 78. Bd3 Rh3 79. Rf5+ Kd6 80. Kd4 Ke6 81. Be4 Ra3 82. Rb5 Ra4+ 83. Ke3 Ra3+ 84. Kf4 Kd6 85. Rd5+ Ke6 86. Rh5 Kd6 87. Rd5+ Ke6 88. Rd1 Ra4 89. Rb1 Kd6 90. Rc1 Rb4 91. Rc6+ Kd7 92. Ke5 Rb5+ 93. Bd5 Rb1 94. Rh6 Re1+ 95. Be4 Kc7 96. Kd5 Rd1+ 97. Kc4 Rc1+ 98. Kd4 Rd1+ 99. Bd3 Rg1 100. Bc4 Rg4+ 101. Kc5 Rg5+ 102. Bd5 Rg1 103. Rh7+ Kd8 104. Kd6 Rg6+ 105. Be6 Ke8 106. Rh8+ Rg8 107. Rxg8# 1-0

[Event "November 21 Early 2023"]
[Site "https://www.chess.com"]
[Date "2023.11.21"]
[Round "8"]
[White "Gavrilov, Maxim"]
[Black "Bogaudinov, Rushan"]
[Result "0-1"]
[Board "116"]
[TimeControl "180+1"]
[WhiteFideId "24271454"]
[BlackFideId "4129288"]
[WhiteElo "2157"]
[BlackElo "1908"]
[WhiteTeam "RUS"]
[BlackTeam "RUS"]
[WhiteClock "0:00:00"]
[BlackClock "0:00:23"]

1. d4 Nf6 2. c4 e6 3. Nc3 Bb4 4. Nf3 O-O 5. Bg5 h6 6. Bh4 c5 7. Rc1 cxd4 8. Nxd4 Nc6 9. e3 Ne5 10. Be2 Ng6 11. Bg3 Ne4 12. O-O Nxg3 13. hxg3 a6 14. a3 Be7 15. b4 b6 16. Bf3 Rb8 17. Qa4 Ne5 18. Be2 Bb7 19. Rfd1 Qc7 20. Qb3 Rfc8 21. Na4 b5 22. cxb5 Qxc1 23. Rxc1 Rxc1+ 24. Kh2 axb5 25. Nc3 Rc8 26. Ncxb5 Bd5 27. Qb2 Re1 28. Nc3 Bc4 29. Qd2 Ra1 30. Bxc4 Ng4+ 31. Kh3 h5 32. Nd1 Rxc4 33. f3 Rcc1 34. Nf2 Rh1+ 0-1

[Event "November 21 Early 2023"]
[Site "https://www.chess.com"]
[Date "2023.11.21"]
[Round "8"]
[White "topce"]
[Black "RodokininEV"]
[Result "1-0"]
[Board "117"]
[TimeControl "180+1"]
[WhiteElo "2430"]
[BlackElo "2526"]
[WhiteClock "0:01:03"]
[BlackClock "0:00:03"]

1. c4 Nf6 2. Nc3 g6 3. e4 d6 4. d4 Bg7 5. f4 O-O 6. Nf3 Bg4 7. Bd3 c5 8. d5 e6 9. dxe6 Bxe6 10. f5 Bc8 11. O-O Nc6 12. fxg6 hxg6 13. Bg5 Qa5 14. Qd2 Bg4 15. Bh6 Bxf3 16. Bxg7 Kxg7 17. Rxf3 Qd8 18. Raf1 Ng4 19. Nd5 Nce5 20. Rh3 Rh8 21. Rxh8 Qxh8 22. h3 Nxd3 23. Qxd3 Ne5 24. Qg3 Qh5 25. Qf4 Qe2 26. Qf6+ Kg8 27. Rf4 Qd1+ 28. Kh2 Qd4 29. Ne7+ Kf8 30. Nxg6+ 1-0

[Event "November 21 Early 2023"]
[Site "https://www.chess.com"]
[Date "2023.11.21"]
[Round "8"]
[White "danshev16"]
[Black "Rosenberg, Evan S"]
[Result "1/2-1/2"]
[Board "118"]
[TimeControl "180+1"]
[BlackFideId "2019299"]
[WhiteElo "2521"]
[BlackElo "2432"]
[BlackTeam "USA"]
[WhiteClock "0:00:40"]
[BlackClock "0:00:04"]

1. d3 e5 2. c3 Nf6 3. Nd2 Bc5 4. h3 O-O 5. g4 d5 6. Bg2 c6 7. Nf1 h6 8. Ng3 Re8 9. Nf3 e4 10. Nd4 Bxd4 11. cxd4 Qa5+ 12. Qd2 Qxd2+ 13. Kxd2 exd3 14. Kxd3 Na6 15. a3 Nc7 16. f3 b6 17. e4 Ba6+ 18. Kc2 dxe4 19. fxe4 Rad8 20. Be3 c5 21. d5 Ncxd5 22. Bxh6 gxh6 23. exd5 Nxd5 24. Bxd5 Rxd5 25. Rad1 Rxd1 26. Rxd1 Re3 27. Nf5 Rxh3 28. Rd8+ Kh7 29. Rd7 Kg6 30. Rxa7 Bd3+ 31. Kd2 Bxf5 32. gxf5+ Kf6 33. Rb7 Rb3 34. Kc2 Rb5 35. Kc3 c4 36. a4 Rb3+ 37. Kxc4 Rxb2 38. a5 Kxf5 39. Rxb6 Ra2 40. Rxh6 Kf4 41. Rf6+ Ke5 42. Rxf7 Rxa5 43. Rh7 Ra4+ 44. Kb5 Rf4 45. Kc5 Rf1 46. Re7+ Kf6 47. Re8 Rf5+ 48. Kd6 Ra5 49. Rf8+ Kg7 50. Rf1 Ra6+ 51. Ke7 Ra7+ 52. Ke6 Ra6+ 53. Ke5 Ra5+ 54. Kd6 Ra6+ 55. Kc5 Rf6 56. Rxf6 Kxf6 1/2-1/2

[Event "November 21 Early 2023"]
[Site "https://www.chess.com"]
[Date "2023.11.21"]
[Round "8"]
[White "Bilan, Danila"]
[Black "Pace, Christopher"]
[Result "1-0"]
[Board "119"]
[TimeControl "180+1"]
[WhiteFideId "24161918"]
[BlackFideId "2610167"]
[WhiteElo "2146"]
[BlackElo "2427"]
[WhiteTeam "RUS"]
[BlackTeam "CAN"]
[WhiteClock "0:00:03"]
[BlackClock "0:00:00"]

1. d4 Nf6 2. Nf3 e6 3. g3 d5 4. Bg2 Be7 5. O-O O-O 6. c4 dxc4 7. Qa4 Na6 8. Qxc4 c5 9. Nc3 cxd4 10. Nxd4 Nc5 11. Be3 Ng4 12. Bc1 e5 13. Ndb5 Be6 14. Nd5 a6 15. Nbc7 Qxc7 16. Qxg4 Bxg4 17. Nxc7 Rac8 18. Nd5 Bd8 19. Be3 Nd7 20. Nc3 b5 21. h3 Be6 22. Bb7 Rb8 23. Bxa6 b4 24. Ne4 Bxh3 25. Rfd1 Bb6 26. Ng5 Bg4 27. Bc4 Bxe3 28. fxe3 h6 29. Ne4 Nb6 30. Bb3 Bxe2 31. Rd2 Bf3 32. Nd6 g6 33. Rf2 e4 34. Bc2 f5 35. Bb3+ Kg7 36. Rc2 Kf6 37. Rc6 Kg5 38. Kf2 Na8 39. Rac1 h5 40. Nf7+ 1-0

[Event "November 21 Early 2023"]
[Site "https://www.chess.com"]
[Date "2023.11.21"]
[Round "8"]
[White "Rios Escobar, Adan"]
[Black "vishwa_vijeta"]
[Result "0-1"]
[Board "120"]
[TimeControl "180+1"]
[WhiteFideId "3403645"]
[WhiteElo "2426"]
[BlackElo "2513"]
[WhiteTeam "CHI"]
[WhiteClock "0:00:20"]
[BlackClock "0:00:53"]

1. d4 Nf6 2. g3 g6 3. Bg2 d5 4. Nf3 Bg7 5. c4 c6 6. cxd5 cxd5 7. Nc3 O-O 8. Ne5 Nc6 9. O-O e6 10. Nxc6 bxc6 11. Bf4 Nd7 12. Na4 Ba6 13. Rc1 Rc8 14. Qd2 Re8 15. Rfd1 Qe7 16. b4 Bxd4 17. Qxd4 e5 18. Qxa7 Ra8 19. Bg5 Rxa7 20. Bxe7 Rxe7 21. Rd2 Bc4 22. Nb2 Bb5 23. a4 Bxa4 24. Nxa4 Rxa4 25. Rxc6 d4 26. Rc8+ Kg7 27. Bc6 Ra1+ 28. Kg2 Nb6 29. b5 Nxc8 30. Rb2 Nb6 31. Be4 Rc7 32. Bc6 f5 33. h4 e4 34. h5 Nc4 35. Rb4 d3 36. exd3 exd3 37. Rxc4 d2 38. b6 d1=Q 39. Kh2 Rxc6 40. Rxc6 Qh1# 0-1

[Event "November 21 Early 2023"]
[Site "https://www.chess.com"]
[Date "2023.11.21"]
[Round "8"]
[White "Hajiyev, Kanan"]
[Black "Darmanin, Jake"]
[Result "1-0"]
[Board "121"]
[TimeControl "180+1"]
[WhiteFideId "13404148"]
[BlackFideId "5601061"]
[WhiteElo "2102"]
[BlackElo "2119"]
[WhiteTeam "AZE"]
[BlackTeam "MLT"]
[WhiteClock "0:00:07"]
[BlackClock "0:00:28"]

1. d4 Nf6 2. Nf3 e6 3. c4 d5 4. Nc3 Bb4 5. Qc2 O-O 6. Bg5 c5 7. a3 Bxc3+ 8. bxc3 cxd4 9. cxd4 dxc4 10. e4 h6 11. Bh4 Nc6 12. O-O-O b5 13. e5 g5 14. Nxg5 hxg5 15. Bxg5 Qa5 16. Bxf6 Qxa3+ 17. Qb2 Qxb2+ 18. Kxb2 Kh7 19. h4 Rg8 20. Rg1 Rg4 21. d5 exd5 22. Rxd5 Be6 23. Rxb5 Nd4 24. Rb7 Rc8 25. Kc3 a6 26. g3 Nb5+ 27. Kb4 c3+ 28. Ka5 c2 29. Bd3+ Kg8 30. Rc1 Bb3 31. h5 Ra4+ 32. Kb6 Nd4 33. h6 Rb4+ 34. Kxa6 Ra8+ 35. Ra7 Ra4+ 36. Kb6 R4xa7 37. h7+ Kf8 38. h8=Q# 1-0

[Event "November 21 Early 2023"]
[Site "https://www.chess.com"]
[Date "2023.11.21"]
[Round "8"]
[White "Kochiev, Ivan"]
[Black "Estrada Nieto, Julian"]
[Result "0-1"]
[Board "122"]
[TimeControl "180+1"]
[WhiteFideId "2917890"]
[BlackFideId "5101018"]
[WhiteElo "2285"]
[BlackElo "2161"]
[WhiteTeam "BUL"]
[BlackTeam "ESP"]
[WhiteClock "0:00:00"]
[BlackClock "0:00:48"]

1. e4 e5 2. Nf3 Nc6 3. d4 exd4 4. Bc4 Bc5 5. c3 d6 6. cxd4 Bb6 7. h3 Nf6 8. Nc3 O-O 9. d5 Ne5 10. Be2 Re8 11. O-O h6 12. Nxe5 Rxe5 13. Bd3 Bd7 14. Kh1 Rh5 15. Be2 Rh4 16. g3 Rxh3+ 17. Kg2 Qe7 18. Qd3 Ng4 19. Bxg4 Bxg4 20. f3 Bd7 21. Ne2 a6 22. Be3 Rh5 23. Rac1 Bh3+ 24. Kf2 Bxf1 25. Rxf1 Qe5 26. Kg2 Qxb2 27. Rf2 Bxe3 28. Qxe3 Qb6 29. Nd4 Re8 30. g4 Rxd5 31. Nf5 Qxe3 32. Nxe3 Rd3 33. Nd5 c6 34. Nf4 Ra3 35. Rd2 Rd8 36. Rb2 b5 37. Rd2 c5 38. Nd5 b4 39. Ne7+ Kf8 40. Nf5 c4 41. Rd4 Rxa2+ 42. Kg3 Rc2 43. e5 b3 0-1